 Dungeon Crawl Stone Soup version 0.26-a0-660-gc07710193c (webtiles) character file.

Game seed: 2774540656711766443

11 Decritt the Digger (level 2, 10/15 HPs)
             Began as a Gargoyle Earth Elementalist on Oct 6, 2020.
             Quit the game on level 1 of the Dungeon.
             The game lasted 00:02:04 (371 turns).

Decritt the Digger (Gargoyle Earth Elementalist)     Turns: 371, Time: 00:02:05

Health: 10/15      AC:  4    Str: 11    XL:     2   Next: 29%
Magic:  5/5        EV:  9    Int: 15    God:
Gold:   21         SH:  0    Dex: 10    Spells: 4/5 levels left

rFire    . . .     SeeInvis .   h - -2 club (curse)
rCold    . . .     Faith    .   (no shield)
rNeg     + . .     Spirit   .   c - +0 robe
rPois    ∞         Reflect  .   (no helmet)
rElec    +         Harm     .   (no cloak)
rCorr    .         Rampage  .   (no gloves)
MR       .....                  (no boots)
Stlth    ++........             (no amulet)
HPRegen  0.05/turn              (no ring)
MPRegen  0.09/turn              (no ring)

@: constricted
A: negative energy resistance 1, electricity resistance, unbreathing,
petrification resistance, rot immunity, AC +2
a: no special abilities


You were on level 1 of the Dungeon.
You visited 1 branch of the dungeon, and saw 1 of its levels.

You collected 21 gold pieces.

Inventory:

Hand Weapons
 h - a cursed -2 club (weapon)
Missiles
 b - 15 stones (quivered)
 f - 22 sling bullets
Armour
 c - a +0 robe (worn)
Scrolls
 a - a scroll of amnesia {unknown}
 g - 2 scrolls of blinking {unknown}
Potions
 d - a potion of heal wounds {unknown}
 e - a potion of lignification {unknown}


   Skills:
 - Level 1.5 Dodging
 - Level 2.1 Stealth
 * Level 2.4 Spellcasting
   Level 0.7 Transmutations
 * Level 4.1 Earth Magic


You had 4 spell levels left.
You knew the following spells:

 Your Spells              Type           Power        Failure   Level
a - Sandblast             Erth           ##....       4%          1

Your spell library contained the following spells:

 Spells                   Type           Power        Failure   Level
 Passwall                 Tmut/Erth      #.......     12%         2
 Stone Arrow              Conj/Erth      #.....       28%         3
 Petrify                  Tmut/Erth      #.......     61%         4
 Lee's Rapid Deconstruct  Erth           ##........   73%         5


Dungeon Overview and Level Annotations

Branches:
Dungeon (1/15)

Altars:


Innate Abilities, Weirdness & Mutations

You are resistant to torment.
Your stone body is resilient. (AC +2)
You are immune to poison.
You resist negative energy. (rN+)
You are resistant to electric shocks. (rElec)
You can survive without breathing.
You are immune to petrification.
You are immune to rotting.


Message History

You barely miss the hobgoblin. The hobgoblin hits you with a +0 club.
The hobgoblin completely misses you.
Found a grey potion and a scroll labeled OVUFERRYECK.
You closely miss the hobgoblin. The hobgoblin hits you with a +0 club.
The hobgoblin hits you but does no damage.
You hit the hobgoblin.
The hobgoblin is moderately wounded.
The ball python misses you. The ball python barely misses you.
The hobgoblin hits you but does no damage.
The ball python barely misses you. x2
You hit the hobgoblin but do no damage.
The hobgoblin is moderately wounded.
The ball python barely misses you. The ball python grabs you.
The ball python constricts you. The hobgoblin barely misses you.
You swing at nothing.
The ball python bites you but does no damage.
The ball python constricts you. The hobgoblin barely misses you.
The ball python bites you but does no damage.
The ball python constricts you.
Are you sure you want to abandon this character and quit the game? (Confirm with "yes".)

#.###.##......##.#
..#..............#
####.#.#######.####
####.#.....#......#
................#.#
####.#####.#..#.#.# ?
#....#.....#..#.#.#
...
.#####.#####......#!.#
.# #...# #.##g@..#
.###.### #.##.S#...#
.....# #.#.#...#...#
....## #.#...#.. #..
....+ #.#...#. # #...#
#...# ..# #...# ..#..
#. #...# ..# .# #...#


You could see a hobgoblin and a ball python.

Vanquished Creatures
  A leopard gecko (D:1)
  A giant cockroach (D:1)
  2 goblins (D:1)
  2 hobgoblins (D:1)
  2 bats (D:1)
  A frilled lizard (D:1)
  A rat (D:1)
10 creatures vanquished.

Notes
Turn   | Place    | Note
-------+----------+-------------------------------------------
     0 | D:1      | Decritt the Gargoyle Earth Elementalist began the quest for
                  | the Orb.
     0 | D:1      | Reached XP level 1. HP: 10/10 MP: 3/3
   141 | D:1      | Reached skill level 4 in Earth Magic
   141 | D:1      | Reached XP level 2. HP: 15/15 MP: 0/5
   371 | D:1      | Quit the game

Illustrated notes

Levels and vault maps discovered:
D:1:      saegor_arrival_simple_b, layout_basic, serial_glass, glass_columns_a,
          glass_columns_c, hex_medium, kennysheep_another_room

Skill      XL: |  1 |
---------------+----+-----
Earth Magic    | 4 |  4.1
Dodging        | |  1.5
Stealth        | |  2.1
Spellcasting   | |  2.4
Transmutations | |  0.7

Action                   || total
-------------------------++-------
Melee: Unarmed           ||    16
       Club              ||     4
 Cast: Sandblast         ||    15
Armor: Robe              ||    10
Dodge: Dodged            ||    21

Table legend: (Time is in decaauts)
 A = Elapsed time spent in this place.
 B = Non-inter-level travel time spent in this place.
 C = Inter-level travel time spent in this place.
 D = Time resting spent in this place.
 E = Time spent auto-exploring this place.
 F = Levels seen in this place.
 G = Mean time per level.
                   A        B        C        D        E       F      G
               +--------+--------+--------+--------+--------+-----+--------+
         Total |    372 |    372 |      0 |      0 |    278 |   1 |  372.0 |
       Dungeon |    372 |    372 |      0 |      0 |    278 |   1 |  372.0 |
               +--------+--------+--------+--------+--------+-----+--------+

Top non-repeatable levels by time:
     D:1: 372 daAuts
